 Dungeon Crawl Stone Soup version 0.30-a0-920-g7493c07aab (webtiles) character file.

Game seed: 7546507404322157177

9755 DeathPants the Carver (level 11, -7/62 HPs)
             Began as a Vine Stalker Fighter on Mar 21, 2023.
             Was an Initiate of Gozag.
             Killed by divine providence
             ... invoked by an orc priest
              (12 damage)
             ... on level 9 of the Dungeon.
             The game lasted 00:29:07 (7577 turns).

DeathPants the Carver (Vine Stalker Fighter)        Turns: 7577, Time: 00:29:07

Health: -7/62      AC: 16    Str: 19    XL:     11   Next: 51%
Magic:  0/12       EV: 17    Int: 10    God:    Gozag
Gold:   1239       SH:  6    Dex: 16    Spells: 10/10 levels left

rFire   . . .      SeeInvis .    a - +0 long sword (heavy)
rCold   . . .      Faith    .    c - +0 buckler
rNeg    . . .      Spirit   +    j - +3 leather armour
rPois   .          Reflect  .    q - +2 hat {Stlth+}
rElec   .          Rampage  .    C - +1 cloak
rCorr   .                        v - +2 pair of gloves
Will    +....                    t - +2 pair of boots
Stlth   ++++                     p - amulet of magic regeneration
HPRegen 1.10/turn                f - +5 ring of evasion
MPRegen 0.53/turn                l - ring of flight

@: about to teleport, gold aura, flying
A: fangs 3, regeneration 1, magic shield, antimagic bite, no potion heal 2
a: Renounce Religion, Potion Petition, Call Merchant, Bribe Branch


You were on level 9 of the Dungeon.
You worshipped Gozag.
Gozag was most pleased with you.
You visited 2 branches of the dungeon, and saw 10 of its levels.
You also visited: Sewer.

You collected 1677 gold pieces.
You spent 300 gold pieces at shops.
You paid 138 gold pieces to Gozag.

Inventory:

Hand Weapons
 a - a +0 heavy long sword (weapon)
 b - a +1 dagger of venom
 z - a +0 rapier
Missiles
 x - 5 boomerangs
 D - 18 poisoned darts
 F - 9 curare-tipped darts (quivered)
 G - 6 silver boomerangs
 L - 4 atropa-tipped darts
 P - 6 javelins
Armour
 c - a +0 buckler (worn)
 j - a +3 leather armour (worn)
 q - a +2 hat of stealth (worn)
 t - a +2 pair of boots (worn)
 v - a +2 pair of gloves (worn)
 C - a +1 cloak (worn)
 M - a scarf of invisibility
Jewellery
 f - a +5 ring of evasion (left hand)
 l - a ring of flight (right hand)
 p - an amulet of magic regeneration (around neck)
 B - a ring of willpower
Wands
 m - a wand of charming (20)
 r - a wand of iceblast (26)
 u - a wand of digging (5)
 y - a wand of flame (25)
 A - a wand of light (6)
Scrolls
 g - 2 scrolls of immolation
 h - a scroll of fear
 i - 3 scrolls of enchant weapon
 k - 6 scrolls of teleportation
 o - 5 scrolls of blinking
 J - 3 scrolls of fog
 N - a scroll of identify
 O - a scroll of magic mapping
Potions
 d - a potion of berserk rage
 e - 3 potions of attraction
 n - 6 potions of curing
 s - 6 potions of lignification
 E - a potion of haste
 H - 3 potions of mutation
 I - a potion of magic
 K - 2 potions of cancellation {unknown}


   Skills:
 + Level 9.0 Fighting
 * Level 12.1 Long Blades
 - Level 2.4 Armour
 - Level 2.7 Dodging
 - Level 5.0 Stealth
 - Level 5.7 Shields


You had 10 spell levels left.
You didn't know any spells.
Your spell library contained the following spells:

 Spells                   Type           Power      Damage    Failure   Level
 Sandblast                Erth           0%         2d4       50%         1
 Passwall                 Tmut/Erth      0%         N/A       65%         2
 Stone Arrow              Conj/Erth      0%         3d7       86%         3
 Vhi's Electric Charge    Tloc/Air       0%         N/A       86%         3
 Arcjolt                  Conj/Air       0%         1d10      100%        5
 Maxwell's Capacitive Co  Air            0%         ∞         100%        8


Dungeon Overview and Level Annotations

Branches:
Dungeon (9/15)             Temple (1/1) D:4           Sewer (visited)
   Lair: D:8-11         Orc: D:9-12

Altars:
Cheibriados
Dithmenos
Elyvilon
Fedhas
Gozag
Hepliaklqana
Kikubaaqudgha
Nemelex Xobeh
Okawaru
Qazlal
Ru
Sif Muna
Trog
Vehumet
Wu Jian
Zin
The Shining One

Shops:
D:7 ?[


Innate Abilities, Weirdness & Mutations

You have razor-sharp teeth.
Your natural rate of healing is unusually fast.
When hurt, damage is shared between your health and your magic reserves.
Your bite disrupts and absorbs the magic of your enemies.
Potions cannot restore your health.


Message History

The orc wizard flickers and vanishes!
Deactivating autopickup; reactivate with Ctrl-A.
The orc priest calls down the wrath of Beogh upon you.
Beogh smites you! The orc misses you. The orc priest completely misses you.
The orc priest mumbles some strange prayers to Beogh against you.
Pain shoots through your body!
You slash the orc priest!
You kill the orc priest!
The orc is distracted by your dazzling golden aura.
The orc priest closely misses you.
The orc priest mumbles some strange prayers to Beogh against you.
Beogh smites you!
The orc priest invokes the aid of Beogh against you.
Beogh smites you!
* * * LOW HITPOINT WARNING * * *
You block the orc priest's attack.
The orc shouts!
The orc is no longer distracted by gold.
The orc priest calls down the wrath of Beogh upon you.
Beogh smites you!
* * * LOW HITPOINT WARNING * * *
You block the orc priest's attack.
As you read the scroll of fear, it crumbles to dust.
You assume a fearsome visage.
The orc priest looks frightened!
The orc looks frightened!
The orc priest looks frightened!
The orc wizard looks frightened!
The orc priest looks frightened!
The orc priest resists with some effort.
The orc looks frightened!
The orc wizard casts a spell.
The orc wizard flickers and vanishes!
As you read the scroll of teleportation, it crumbles to dust.
You feel strangely unstable.
The orc priest attacks as you move away!
The orc priest hits you with a +1 flail of protection.
* * * LOW HITPOINT WARNING * * *
The orc starts to cry.
The orc priest invokes the aid of Beogh against you.
Beogh smites you!
You die...
Your body crumbles into a pile of gold.

.#
#.##....#.#
.. #.
#.#..#.#
... ..
#.#....#
.###
#.##.###+##
#..#
#.##.....$#
....
#.#####...#
..# #.#
#...# ..#
#. #...#
### #@.o#
#...# #.o.#
#o..# #..o#
#...# #.o..
###..< ....


You could see 4 orc priests and an orc (fleeing).

Vanquished Creatures
  2 two-headed ogres (D:8)
  A tengu warrior (D:9)
  Pikel (D:5)
  A freezing wraith (D:9)
  An unseen horror (D:6)
  2 hornets (D:9)
  Prince Ribbit (D:8)
  Sigmund (D:3)
  A yak (D:9)
  8 spriggans (D:8)
  2 steam dragons
  Menkaure (D:5)
  2 water moccasins
  2 sky beasts
  2 orc warriors
  2 black bears (D:5)
  An ice beast (D:4)
  3 ogres
  2 centaurs
  A phantom (D:6)
  A lemure (D:5)
  5 kobold brigands
  7 bullfrogs
  4 scorpions
  A gnoll sergeant (D:8)
  6 necrophages (D:5)
  A wight (D:8)
  6 killer bees
  3 howler monkeys
  2 jellies (D:5)
  Crazy Yiuf (D:5)
  12 orc priests
  2 iguanas
  3 hounds
  2 sleepcaps (D:5)
  15 orc wizards
  11 adders
  3 shadow imps
  3 white imps
  3 worms (D:2)
  A dart slug (D:1)
  46 orcs
  5 bats
  6 endoplasms
  7 giant cockroaches
  11 hobgoblins
  3 jackals (D:4)
  2 quokkas
  6 ball pythons
  A frilled lizard (D:3)
  3 goblins
  19 kobolds
  5 rats
  A bush (D:5)
244 creatures vanquished.

Vanquished Creatures (others)
  2 orc wizards
  15 plants
17 creatures vanquished.

Grand Total: 261 creatures vanquished

Notes
Turn   | Place    | Note
-------+----------+-------------------------------------------
     0 | D:1      | DeathPants the Vine Stalker Fighter began the quest for the
                  | Orb.
     0 | D:1      | Reached XP level 1. HP: 11/11 MP: 2/2
   160 | D:1      | Reached skill level 2 in Long Blades
   184 | D:1      | Reached XP level 2. HP: 16/16 MP: 3/3
   673 | D:3      | Reached XP level 3. HP: 4/20 MP: 2/4
   759 | D:3      | Gained mutation: Your natural rate of healing is unusually
                  | fast. [Vine Stalker growth]
   759 | D:3      | Reached XP level 4. HP: 24/24 MP: 5/5
   945 | D:2      | Reached skill level 3 in Long Blades
   968 | D:2      | Reached XP level 5. HP: 27/28 MP: 6/6
  1265 | D:2      | Found a faded altar of an unknown god.
  1557 | D:3      | Found a sacrificial altar of Ru.
  1603 | D:3      | Found a glowing golden altar of the Shining One.
  1603 | D:3      | Found a hazy altar of Hepliaklqana.
  1736 | D:3      | Reached XP level 6. HP: 26/32 MP: 5/7
  1784 | D:3      | Found an ornate altar of the Wu Jian Council.
  1825 | D:4      | You are sucked into a shaft and drop 2 floors!
  1869 | D:6      | Found a glowing drain.
  1915 | Sewer    | Entered a sewer
  1939 | Sewer    | Noticed a water moccasin
  1947 | Sewer    | Killed a water moccasin
  1948 | Sewer    | Reached skill level 4 in Long Blades
  2077 | D:5      | Entered Level 5 of the Dungeon
  2125 | D:5      | Noticed Pikel
  2161 | D:5      | Killed Pikel
  2162 | D:5      | Reached skill level 5 in Long Blades
  2162 | D:5      | Reached skill level 5 in Shields
  2162 | D:5      | Reached XP level 7. HP: 19/38 MP: 6/8
  2162 | D:5      | Gained mutation: You have razor-sharp teeth. [Vine Stalker
                  | growth]
  2162 | D:5      | Reached XP level 8. HP: 21/42 MP: 6/9
  2357 | D:5      | Reached skill level 1 in Dodging
  2450 | D:4      | Found a staircase to the Ecumenical Temple.
  2460 | Temple   | Entered the Ecumenical Temple
  2486 | Temple   | Became a worshipper of Gozag Ym Sagoz the Greedy
  2546 | D:3      | Found an iron altar of Okawaru.
  2579 | D:4      | Found a white marble altar of Elyvilon.
  2602 | D:4      | Reached skill level 6 in Long Blades
  2755 | D:5      | Reached skill level 5 in Fighting
  2755 | D:5      | Noticed Menkaure
  2780 | D:5      | Killed Menkaure
  2968 | D:3      | Noticed Sigmund
  2979 | D:3      | Killed Sigmund
  3294 | D:5      | Found an ancient bone altar of Kikubaaqudgha.
  3358 | D:5      | Reached XP level 9. HP: 47/47 MP: 10/10
  3373 | D:5      | Reached skill level 7 in Long Blades
  3465 | D:5      | Found a sparkling altar of Nemelex Xobeh.
  3527 | D:5      | Found a blossoming altar of Fedhas.
  3591 | D:5      | Reached skill level 1 in Stealth
  3781 | D:5      | Found a runed translucent door.
  3782 | D:5      | Noticed Crazy Yiuf
  3791 | D:5      | Killed Crazy Yiuf
  3836 | D:5      | Found a radiant altar of Vehumet.
  4394 | D:6      | Reached skill level 8 in Long Blades
  4483 | D:6      | Killed an unseen horror
  4609 | D:7      | Found Epumiebb's Magic Scroll Boutique.
  4614 | D:7      | Bought a scroll of identify for 30 gold pieces
  4614 | D:7      | Bought a scroll of teleportation for 45 gold pieces
  4614 | D:7      | Bought 2 scrolls of enchant armour for 225 gold pieces
  4802 | D:7      | Reached XP level 10. HP: 36/53 MP: 9/11
  4836 | D:6      | Reached skill level 5 in Stealth
  4920 | D:7      | Reached skill level 9 in Long Blades
  4948 | D:7      | Found Uniaco's Armour Boutique.
  5020 | D:7      | Found a shimmering blue altar of Sif Muna.
  5989 | D:8      | Noticed a two-headed ogre
  5998 | D:8      | Killed a two-headed ogre
  6068 | D:8      | Noticed a two-headed ogre
  6076 | D:8      | Killed a two-headed ogre
  6077 | D:8      | Reached skill level 10 in Long Blades
  6415 | D:8      | Reached skill level 11 in Long Blades
  6415 | D:8      | Reached XP level 11. HP: 28/60 MP: 8/12
  6621 | D:9      | Found a stormy altar of Qazlal.
  6834 | D:8      | Noticed Prince Ribbit
  6851 | D:8      | Killed Prince Ribbit
  7462 | D:9      | Noticed a tengu warrior
  7469 | D:9      | Killed a tengu warrior
  7470 | D:9      | Reached skill level 12 in Long Blades
  7482 | D:9      | Noticed a tengu warrior
  7482 | D:9      | Noticed a tengu warrior
  7482 | D:9      | Noticed a two-headed ogre
  7482 | D:9      | Noticed a boulder beetle
  7577 | D:9      | Killed from afar by an orc priest

Illustrated notes

Levels and vault maps discovered:
D:1:      nagdon_arrival_zigzag_paths, layout_basic
D:2:      wander_river, layout_loops_ring, dreamdust_ecumenical_altar_grove,
          st_stairs_14, hex_medium
D:3:      layout_loops_cross, nzn_wu_jian_contemplation,
          nicolae_overflow_hidden_temple, nicolae_ru_great_annihilating_truth,
          gammafunk_temple_overflow_wave, uniq_sigmund
D:4:      layout_rooms, minmay_temple_entry_wispy, minmay_ruined_shrine
D:5:      layout_basic, fedhas_altar_decomposition,
          mainiacjoe_overflow_alcove_1, nicolae_overflow_squiral,
          kennysheep_generic_room_7, uniq_menkaure, uniq_crazy_yiuf_cottage,
          uniq_pikel
D:6:      layout_basic, gup_sewer_entry_glass, minmay_misc_feat_cross
D:7:      layout_loops_corners, led_sif_pool, serial_shops,
          nicolae_stop_n_shop_1, nicolae_take_the_stairs, minivault_10
D:8:      kb_forest_paths, layout_basic, uniq_prince_ribbit1
D:9:      layout_basic, gammafunk_temple_overflow_elements,
          nicolae_qazlal_scattered_showers, minmay_shattered_shrine
Temple:   nicolae_temple_bog_church

Skill      XL: |  1  2  3  4  5  6  7  8  9 10 11 |
---------------+----------------------------------+-----
Long Blades    | 2 3 5 6 8 11 12 | 12.1
Shields        | 3 4 5 |  5.7
Fighting       | 3 4 5 6 8 9 |  9.0
Dodging        | 2 |  2.7
Stealth        | 4 5 |  5.0
Armour         | |  2.4

Action                     |  1- 3 |  4- 6 |  7- 9 | 10-12 || total
---------------------------+-------+-------+-------+-------++-------
  Melee: Long sword        |    47 |   188 |   272 |   257 ||   764
         Bite              |     6 |    42 |   103 |    72 ||   223
         Dagger            |       |       |    15 |    22 ||    37
  Throw: Boomerang         |       |       |    10 |       ||    10
         Dart              |       |       |       |     4 ||     4
    Use: Potion            |     1 |     2 |     1 |     3 ||     7
         Scroll            |       |     7 |     7 |    12 ||    26
   Stab: Invisible         |       |     1 |       |       ||     1
         Sleeping          |       |       |     9 |     5 ||    14
         Distracted        |       |       |       |     2 ||     2
 Armour: Scale mail        |     6 |       |       |       ||     6
         Leather armour    |     6 |    66 |   102 |   128 ||   302
  Dodge: Dodged            |    22 |   130 |   224 |   262 ||   638
  Block: Buckler           |    12 |    48 |    73 |   102 ||   235

Table legend: (Time is in decaauts)
 A = Elapsed time spent in this place.
 B = Non-inter-level travel time spent in this place.
 C = Inter-level travel time spent in this place.
 D = Time resting spent in this place.
 E = Time spent auto-exploring this place.
 F = Levels seen in this place.
 G = Mean time per level.
                   A        B        C        D        E       F      G
               +--------+--------+--------+--------+--------+-----+--------+
         Total |   7831 |   7580 |    251 |    276 |   4381 |  11 |  711.9 |
       Dungeon |   7704 |   7471 |    233 |    276 |   4348 |   9 |  856.0 |
        Temple |     45 |     27 |     18 |      0 |      7 |   1 |   45.0 |
         Sewer |     81 |     81 |      0 |      0 |     26 |   1 |   81.0 |
               +--------+--------+--------+--------+--------+-----+--------+

Top non-repeatable levels by time:
     D:5: 1222 daAuts
     D:8: 1182 daAuts
     D:7: 1166 daAuts
     D:6: 905 daAuts
     D:2: 815 daAuts
     D:3: 802 daAuts
     D:1: 612 daAuts
     D:9: 534 daAuts
     D:4: 460 daAuts
   Sewer: 81 daAuts
  Temple: 45 daAuts
